 Dungeon Crawl Stone Soup version 0.31-a0-977-gc230f8ef24 (webtiles) character file.

Game seed: 4661125947443088198

2149524 JaaP the Conqueror (level 27, 269/269 (273) HPs)
             Began as a Minotaur Fighter on Oct 28, 2023.
             Was a High Priest of Okawaru.
             Escaped with the Orb
             ... and 4 runes on Oct 29, 2023!
             The game lasted 04:55:39 (82189 turns).

JaaP the Conqueror (Minotaur Fighter)              Turns: 82189, Time: 04:55:40

HP:   269/269 (273) AC: 45    Str: 31    XL:     27
MP:   47/47         EV:  8    Int: 12    God:    Okawaru [*****.]
Gold: 6223          SH:  9    Dex: 11    Spells: 26/26 levels left

rFire   . . .        a - +9 executioner's axe (vamp)
rCold   . . .        (shield currently unavailable)
rNeg    . . .        D - +13 crystal plate armour "Teenulau" {rPois Int+6 Dex-3}
rPois   +            T - +2 hat {SInv}
rElec   +            E - scarf {+Inv}
rCorr   .            P - +3 pair of gauntlets of War {Slay+5}
SInv    +            o - +2 pair of boots {Stlth+}
Will    +++++        l - amulet of Miasoak {Reflect rElec Int+2 Dex+2 SH+5} Stlth
                     d - ring "Koh Typo" {rF+ Will+}
HPRegen 0.64/turn    b - ring of Feej {rElec Will++ MP+9 Dex-5 SInv}
MPRegen 0.30/turn

%: reflection
@: studying 2 skills, lightly drained
A: horns 2, retaliatory headbutt, claws 1, large bone plates 1, agile 1,
deformed body, mutation resistance 1, poison resistance, heat vulnerability 1
0: Orb of Zot
}: 4/15 runes: decaying, slimy, silver, gossamer
a: Renounce Religion, Evoke Invisibility, Heroism, Finesse, Duel


You escaped.
You worshipped Okawaru.
Okawaru was extremely pleased with you.
You visited 12 branches of the dungeon, and saw 55 of its levels.
You also visited: Desolation.

You collected 11401 gold pieces.
You spent 5178 gold pieces at shops.

Inventory:

Hand Weapons
 a - a +9 vampiric executioner's axe (weapon)
 x - the +7 executioner's axe of Governance {freeze, Fly rF+ Will+ Int+3}
   (You bought it in a shop on level 3 of the Elven Halls)

   Int+3:     It affects your intelligence (+3).
   rF+:       It protects you from fire.
   Will+:     It increases your willpower.
   Fly:       It grants you flight.
 F - the +9 staff of Olgreb {rPois∞}
   (You found it on level 10 of the Dungeon)

   Radiate:   It can be activated via the 'a'bility menu to radiate toxic
   energy, with effectiveness depending on Evocations skill.
   Pois:      It enhances your poison magic.
   rPois∞: It grants immunity to poison.
 G - a +7 broad axe of electrocution
Missiles
 m - 4 throwing nets
 I - 18 curare-tipped darts
 U - 45 atropa-tipped darts
 W - 8 datura-tipped darts
 Y - 36 silver javelins (quivered)
Armour
 o - a +2 pair of boots of stealth (worn)
 C - a +5 kite shield
 D - the +13 crystal plate armour "Teenulau" (worn) {rPois Int+6 Dex-3}
   (Okawaru gifted it to you on level 4 of the Lair of Beasts)

   Int+6:     It affects your intelligence (+6).
   Dex-3:     It affects your dexterity (-3).
   rPois:     It protects you from poison
 E - a scarf of invisibility (worn)
 P - the +3 pair of gauntlets of War (worn) {Slay+5}
   (You bought it in a shop on level 11 of the Dungeon)

   Slay+5:    It affects your accuracy & damage with ranged weapons and melee
   (+5).
 T - a +2 hat of see invisible (worn)
Jewellery
 b - the ring of Feej (right hand) {rElec Will++ MP+9 Dex-5 SInv}
   (You took it off a deep elf death mage on level 3 of the Elven Halls)

   [ring of see invisible]

   Dex-5:     It affects your dexterity (-5).
   rElec:     It insulates you from electricity.
   Will++:    It greatly increases your willpower.
   MP+9:      It affects your magic capacity (+9).
   SInv:      It lets you see invisible.
 d - the ring "Koh Typo" (left hand) {rF+ Will+}
   (You acquired it on level 4 of the Dungeon)

   [ring of protection from fire]

   rF+:       It protects you from fire.
   Will+:     It increases your willpower.
 l - the amulet of Miasoak (around neck) {Reflect rElec Int+2 Dex+2 SH+5}
   (You bought it in a shop on level 13 of the Dungeon)

   [amulet of reflection]

   Reflect:   It reflects blocked missile attacks.
   Int+2:     It affects your intelligence (+2).
   Dex+2:     It affects your dexterity (+2).
   rElec:     It insulates you from electricity.
   SH+5:      It affects your SH (+5).
 u - a ring of positive energy
 z - the ring of Viles {Ice rCorr Stlth+}
   (You took it off Josephina on level 4 of the Depths)

   [ring of ice]

   Ice:       It enhances your ice magic.
   rF-:       It makes you vulnerable to fire.
   rC+:       It protects you from cold.
   rCorr:     It protects you from acid and corrosion.
   Stlth+:    It makes you more stealthy.
 V - a ring of protection from cold
Wands
 i - a wand of digging (33)
 v - a wand of mindburst (23)
 B - a wand of roots (62)
 S - a wand of light (27)
Scrolls
 e - a scroll of fog
 f - 4 scrolls of immolation
 g - 17 scrolls of poison
 n - a scroll of silence
 p - 2 scrolls of enchant armour
 q - 3 scrolls of brand weapon
 y - 4 scrolls of fear
 A - 4 scrolls of revelation
 J - a scroll of enchant weapon
 Q - 9 scrolls of teleportation
 Z - 4 scrolls of blinking
Potions
 c - a potion of ambrosia
 h - 3 potions of cancellation
 j - 4 potions of resistance
 k - 18 potions of curing
 r - 5 potions of haste
 s - 5 potions of enlightenment
 t - 13 potions of lignification
 w - 3 potions of mutation
 H - 3 potions of invisibility
 K - 3 potions of heal wounds
 N - 8 potions of berserk rage
 R - 6 potions of might
Miscellaneous
 M - a lightning rod (4/4)
 O - a tin of tremorstones (2/2)
 X - a phial of floods


   Skills:
 O Level 27 Fighting
 O Level 27 Axes
 - Level 3.0(19.1) Maces & Flails
 - Level 9.7(10.0) Staves
 + Level 22.8 Throwing
 * Level 23.3 Armour
 - Level 10.3 Shields
 - Level 24.0 Invocations
 - Level 10.0 Evocations


You had 26 spell levels left.
You didn't know any spells.
Your spell library contained the following spells:

 Spells                   Type           Power      Damage    Failure   Level
 Apportation              Tloc           0%         N/A       93%         1
 Freeze                   Ice            0%         1d3       93%         1
 Magic Dart               Conj           0%         1d3       93%         1
 Necrotise                Necr           0%         1d4       93%         1
 Shock                    Conj/Air       0%         1d3       93%         1
 Sting                    Tmut/Pois      0%         1d3       93%         1
 Blink                    Tloc           0%         N/A       98%         2
 Cigotuvi's Dreadful Rot  Necr/Pois/Air  0%         N/A       98%         2
 Momentum Strike          Conj/Tloc      0%         3d8       98%         2
 Passwall                 Tmut/Erth      0%         N/A       98%         2
 Poisonous Vapours        Pois/Air       0%         N/A       98%         2
 Scorch                   Fire           0%         2d5       98%         2
 Searing Ray              Conj           0%         2d4       98%         2
 Sublimation of Blood     Necr           0%         N/A       98%         2
 Dazzling Flash           Conj/Hex       0%         N/A       100%        3
 Frozen Ramparts          Ice            0%         1d1       100%        3
 Hailstorm                Conj/Ice       0%         3d3       100%        3
 Ignite Poison            Fire/Tmut/Pois 0%         N/A       100%        3
 Mephitic Cloud           Conj/Pois/Air  0%         N/A       100%        3
 Ozocubu's Armour         Ice            0%         N/A       100%        3
 Stone Arrow              Conj/Erth      0%         3d7       100%        3
 Swiftness                Air            0%         N/A       100%        3
 Vampiric Draining        Necr           0%         2d6       100%        3
 Volatile Blastmotes      Fire/Tloc      0%         2d10      100%        3
 Anguish                  Hex/Necr       0%         N/A       100%        4
 Brom's Barrelling Bould  Conj/Erth      0%         2d3       100%        4
 Cause Fear               Hex            0%         N/A       100%        4
 Dimensional Bullseye     Hex/Tloc       0%         N/A       100%        4
 Flame Wave               Conj/Fire      0%         2d4       100%        4
 Fulminant Prism          Conj/Hex       0%         3d5       100%        4
 Iskenderun's Mystic Bla  Conj/Tloc      0%         2d3       100%        4
 Manifold Assault         Tloc           0%         N/A       100%        4
 Olgreb's Toxic Radiance  Pois           0%         N/A       100%        4
 Petrify                  Tmut/Erth      0%         N/A       100%        4
 Sticky Flame             Conj/Fire      0%         2d3       100%        4
 Vhi's Electric Charge    Tloc/Air       0%         N/A       100%        4
 Agony                    Necr           0%         N/A       100%        5
 Alistair's Intoxication  Tmut/Pois      0%         N/A       100%        5
 Arcjolt                  Conj/Air       0%         1d10      100%        5
 Borgnjor's Vile Clutch   Necr/Erth      0%         N/A       100%        5
 Fireball                 Conj/Fire      0%         3d3       100%        5
 Freezing Cloud           Conj/Ice/Air   0%         6-21      100%        5
 Iskenderun's Battlesphe  Conj           0%         2d6       100%        5
 Metabolic Englaciation   Hex/Ice        0%         N/A       100%        5
 Silence                  Hex/Air        0%         N/A       100%        5
 Yara's Violent Unravell  Hex/Tmut       0%         3d3       100%        5
 Bombard                  Conj/Erth      0%         9d1       100%        6
 Conjure Ball Lightning   Conj/Air       0%         3x3d6     100%        6
 Dispersal                Tloc           0%         N/A       100%        6
 Eringya's Noxious Bog    Tmut/Pois      0%         4d6       100%        6
 Plasma Beam              Fire/Air       0%         2x1d10    100%        6
 Starburst                Conj/Fire      0%         6d3       100%        6
 Enfeeble                 Hex            0%         N/A       100%        7
 Orb of Destruction       Conj           0%         9d5       100%        7
 Ozocubu's Refrigeration  Ice            0%         4d7       100%        7
 Discord                  Hex            0%         N/A       100%        8
 Ignition                 Fire           0%         3d3       100%        8
 Maxwell's Capacitive Co  Air            0%         ∞         100%        8
 Chain Lightning          Conj/Air       0%         N/A       100%        9
 Fire Storm               Conj/Fire      0%         5d1       100%        9
 Shatter                  Erth           0%         3d5*      100%        9
 Summon Small Mammal      Summ           Unusable   N/A       N/A         1
 Call Imp                 Summ           Unusable   N/A       N/A         2
 Animate Dead             Necr           Unusable   N/A       N/A         4
 Summon Forest            Summ/Tloc      Unusable   N/A       N/A         5
 Death Channel            Necr           Unusable   N/A       N/A         6
 Summon Cactus Giant      Summ           Unusable   N/A       N/A         6
 Spellforged Servitor     Conj/Summ      Unusable   N/A       N/A         7
 Summon Hydra             Summ           Unusable   N/A       N/A         7
 Dragon's Call            Summ           Unusable   N/A       N/A         9

Dungeon Overview and Level Annotations

Branches:
Dungeon (15/15)            Temple (1/1) D:5            Lair (5/5) D:11
  Swamp (4/4) Lair:2       Spider (4/4) Lair:3        Slime (5/5) Lair:4
    Orc (2/2) D:11            Elf (3/3) Orc:2        Vaults (5/5) D:13
  Crypt (2/3) Vaults:2     Depths (4/4) D:15            Zot (5/5) Depths:4
Desolation (visited)

Altars:
Ashenzari
Cheibriados
Dithmenos
Elyvilon
Fedhas
Gozag
Hepliaklqana
Kikubaaqudgha
Makhleb
Nemelex Xobeh
Okawaru
Qazlal
Ru
Sif Muna
Trog
Uskayaw
Vehumet
Wu Jian
Xom
Yredelemnul
Zin
The Shining One
Jiyva
Lugonu

Shops:
D:4 *   D:11 ([   D:12 ?   D:13 :!*(=   Orc:2 [!((*=(   Elf:1 :   Elf:3 =((=
Vaults:1 (   Vaults:5 (   Depths:2 ::

Portals:
Hell: Depths:1 Depths:2 Depths:3 Depths:4
Abyss: Depths:1 Depths:3 Depths:4
Pandemonium: Depths:2 Depths:4
Ziggurat: Depths:2

Annotations:
D:10 1 runed translucent door
Crypt:2 2 transporters
Zot:3 2 transporters


Innate Abilities, Weirdness & Mutations

You have a pair of horns on your head.
You reflexively headbutt those who attack you in melee.
You have sharp fingernails.
You are partially covered in large bone plates. (SH +4)
You are agile. (Dex +4, Str/Int -1)
Armour fits poorly on your strangely shaped body.
You are somewhat resistant to further mutation.
Your system is resistant to poisons. (rPois)
You are vulnerable to heat. (rF-)


Message History

You kill the Executioner!
Okawaru accepts your kill.
You climb upwards.
There is a stone staircase leading down here.
You feel like a meek peon again.
There is a stone staircase leading up here.
You climb upwards.
There is a stone staircase leading down here.
A lorocyproca comes into view.
The lorocyproca moves out of view.
You hit the lorocyproca.
The lorocyproca is lightly wounded.
You barely miss the lorocyproca. Your headbutt misses the lorocyproca.
The lorocyproca is lightly wounded.
The lorocyproca hits you.
You feel your power leaking away.
You slice the lorocyproca!!
The lorocyproca is moderately wounded.
The lorocyproca hits you but does no damage.
You slice the lorocyproca like a ripe choko!!!
You kill the lorocyproca!
Okawaru accepts your kill.
A red devil comes into view. It is wielding a +0 trident.
The red devil completely misses you. You furiously retaliate!
You headbutt the red devil!! You slice the red devil!!
You kill the red devil!
Okawaru accepts your kill.
You see here a +0 trident.
Magic restored.
There is an open door here.
You enter the shallow water.
Moving in this stuff is going to be slow.
HP restored.
There is an open door here.
There is a staircase leading out of the dungeon here.
You start waiting.
Done waiting.
You can't go down here!
You have escaped!

#
####.######.#####.#.#####.##
# ####.........####.÷.)....
# ##...#########...##.######
##.####≈~~~≈~≈####.### #.##
#~~...~~# ##.# ##.#
#.......# #.##
#.#########'#########.#
#.#..#...........#..#.#
#.'..+.....@.....+..'.######
#.#..#...........#..#.#.....
#.#########'#########.######
##.# #.......# #.## #.##
#~~...~~# ##.#
##.####≈≈~~≈~≈####.##
##...####'####...#########
####.........####...#....
###.#####.#######......###


There were no monsters in sight!

Vanquished Creatures
  the Royal Jelly (Slime:5)
  10 dread liches
  A pandemonium lord (D:4)
  8 orbs of fire
  Mennas (Depths:2)
  2 ancient liches
  2 juggernauts (Depths:3)
  Sojobo (Depths:4)
  Josephina (Depths:4)
  Vv (Depths:3)
  2 Killer Klowns
  6 caustic shrikes
  A curse toe (Zot:1)
  the Enchantress (Depths:3)
  7 golden dragons
  2 bone dragons
  Norris (Elf:3)
  5 electric golems
  Arachne (Spider:2)
  A Hell Sentinel (D:4)
  A hellephant (Vaults:1)
  20 tentacled monstrosities
  A walking crystal tome (Depths:2)
  2 liches
  26 Orb Guardians
  A walking divine tome (Depths:2)
  3 deep elf blademasters
  Asterion (Elf:1)
  9 sphinxes
  27 acid blobs
  6 quicksilver dragons
  7 titans
  An Executioner (D:3)
  7 death cobs
  Kirke (Swamp:1)
  2 ancient champions
  Gastronok (Lair:1)
  A revenant (Crypt:2)
  2 fenstrider witches (Swamp:3)
  8 tengu reavers
  9 shadow dragons
  8 rockslimes
  3 draconian knights
  18 storm dragons
  2 iron dragons
  10 fire giants
  7 draconian monks
  5 emperor scorpions
  8 azure jellies
  7 deep elf sorcerers
  2 imperial myrmidons (Desolation)
  12 frost giants
  A ghost moth (shapeshifter) (Depths:3)
  20 vault wardens
  A balrug (Vaults:1)
  4 curse skulls
  7 ghost moths
  3 deep elf elementalists (Elf:3)
  2 ghouls
  37 very ugly things
  4 draconian scorchers
  An orc warlord (Vaults:2)
  18 ironbound preservers
  2 war gargoyles (Vaults:5)
  6 draconian annihilators
  6 draconian shifters
  6 spriggan defenders
  2 broodmothers
  5 draconian stormcallers
  14 stone giants
  2 reapers (Crypt:2)
  5 eleionomae
  A juggernaut skeleton (Crypt:2)
  7 ironbound thunderhulks
  15 vampire knights
  Nessos (Lair:5)
  10 quicksilver oozes
  15 formless jellyfish
  12 green draconians
  10 black draconians
  5 bunyips
  3 deep elf demonologists
  26 dire elephants
  4 spark wasps
  14 yellow draconians
  A lorocyproca (D:1)
  12 deep elf annihilators
  5 halazid warlocks (Desolation)
  11 white draconians
  A dire elephant (shapeshifter) (Vaults:5)
  A bunyip (shapeshifter) (Vaults:5)
  11 red draconians
  8 purple draconians
  6 deep elf death magi
  4 eidola (Crypt:2)
  The ghost of Vuwiesed the Slicer, a journeyman DsSh of Uskayaw (Lair:3)
  3 crystal guardians (Desolation)
  12 fire dragons
  8 ragged hierophants (Desolation)
  12 ettins
  3 jiangshi
  The ghost of quik the Grappler, a journeyman TrSh of Cheibriados (Lair:1)
  14 yaktaur captains
  6 deep elf high priests
  2 shambling mangroves
  10 great orbs of eyes
  5 entropy weavers
  12 ice dragons
  7 servants of whispers (Desolation)
  42 vault guards
  21 hydras
  2 hell beasts
  6 alligators
  A salamander tyrant (Depths:2)
  A catoblepas (D:15)
  2 caustic shrike simulacra
  3 jorogumos (Spider:4)
  7 spriggan air magi
  10 ironbound frosthearts
  12 peacekeepers
  A death knight (D:13)
  2 ghost crabs
  19 centaur warriors
  19 death yaks
  24 dancing weapons
  6 radroaches
  7 boulder beetles
  9 vampire magi
  9 tengu warriors
  3 two-headed ogres
  4 deep troll earth magi
  8 spriggan berserkers
  9 death scarabs (Spider:4)
  A fenstrider witch skeleton (Crypt:2)
  An occultist (Depths:1)
  6 demonic crawlers
  5 soul eaters
  7 deep troll shamans
  2 orc high priests
  A shock serpent (shapeshifter) (Vaults:5)
  A titan zombie (Crypt:1)
  28 hell knights
  Urug (Lair:3)
  Sonja (Lair:2)
  2 sun demons
  5 skysharks
  17 deep elf knights
  4 iron trolls
  13 skeletal warriors
  A shadow wraith (Crypt:2)
  A skyshark (shapeshifter) (Vaults:5)
  A sixfirhy (D:13)
  6 goliath frogs
  A sun moth (Spider:4)
  A golden dragon zombie (Crypt:1)
  7 pharaoh ants
  3 flayed ghosts (Crypt:2)
  An obsidian statue (Zot:5)
  3 spriggan druids
  66 deep trolls
  9 bog bodies
  5 glowing orange brains
  8 orb spiders
  A spriggan simulacrum (Crypt:1)
  12 swamp dragons
  2 shadow demons
  11 deep elf archers
  10 arcanists
  8 necromancers
  7 steelbarb worms
  9 phantasmal warriors
  9 orc knights
  An anaconda skeleton (Crypt:1)
  21 ironbound convokers
  2 lindwurms
  A broodmother zombie (Spider:4)
  42 ugly things
  30 deep elf zephyrmancers
  3 orc sorcerers
  34 deep elf pyromancers
  7 shining eyes
  A sphinx simulacrum (Depths:4)
  32 wolf spiders
  A tengu skeleton (Vaults:2)
  5 cyclopes
  8 will-o-the-wisps
  3 oklob plants (Lair:4)
  2 manticores
  29 moths of wrath
  2 fire giant skeletons (Vaults:2)
  A frost giant skeleton (Depths:2)
  6 black mambas
  A stone giant skeleton (Vaults:2)
  Joseph (Lair:1)
  20 vault sentinels
  4 torpor snails
  5 eyes of devastation
  4 elephants (Lair:1)
  A molten gargoyle (Desolation)
  A rust devil (D:13)
  4 guardian serpents
  2 smoke demons (D:13)
  A storm dragon simulacrum (Depths:4)
  2 unseen horrors
  An orange demon (D:13)
  2 centaur skeletons (Crypt:1)
  Jeremiah (D:8)
  A komodo dragon (shapeshifter) (Elf:1)
  7 komodo dragons
  14 cane toads
  6 rime drakes
  23 yaktaurs
  Psyche (D:9)
  2 freezing wraiths
  A redback zombie (Spider:4)
  3 kobold demonologists
  9 tengu conjurers
  An unseen horror (shapeshifter) (D:14)
  2 ice devils
  4 spectral redbacks (Spider:4)
  An efreet (D:13)
  A tormentor (Depths:4)
  The ghost of heinrich the Ruffian, an amateur TrMo of Ru (D:5)
  2 human skeletons (Vaults:2)
  A catoblepas skeleton (Crypt:1)
  A yaktaur skeleton (Vaults:2)
  A great orb of eyes zombie (Crypt:2)
  5 tyrant leeches
  A polar bear (Lair:5)
  4 hellwings
  3 meliai (Spider:2)
  2 red devils
  3 trolls
  A shadow dragon simulacrum (Depths:4)
  A spectral jumping spider (Spider:4)
  A hornet (shapeshifter) (Depths:3)
  A glass eye (Slime:2)
  A wolf spider simulacrum (D:15)
  21 tarantellas
  5 spectral tarantellas (Spider:4)
  2 iron dragon simulacra
  53 saltlings
  8 blink frogs (Lair:5)
  A glass eye (shapeshifter) (Depths:2)
  27 hornets
  11 dream sheep
  A spectral culicivora (Spider:4)
  A tarantella zombie (Spider:4)
  22 jumping spiders
  A flying skull (Crypt:2)
  134 slime creatures
  A human simulacrum (Vaults:2)
  24 culicivoras
  2 ettin skeletons (Vaults:2)
  16 wyverns
  4 shadows
  An air elemental (Elf:2)
  6 wraiths
  3 vampires
  21 spriggans
  2 ynoxinuls
  3 hogs (Swamp:1)
  32 yaks
  8 golden eyes
  2 elf skeletons (Vaults:2)
  3 humans
  2 fire bats (Depths:2)
  A neqoxec (D:13)
  2 fire elementals
  3 steam dragons (Lair:5)
  9 basilisks
  2 chaos spawn
  61 redbacks
  12 vampire mosquitoes
  Menkaure (D:4)
  An elf simulacrum (Vaults:2)
  A two-headed ogre zombie (Crypt:2)
  12 swamp worms
  A water moccasin (shapeshifter) (Depths:2)
  3 acid dragons (Lair:5)
  A two-headed ogre skeleton (Crypt:1)
  22 water moccasins
  3 ice beasts
  9 swamp drakes
  A merfolk skeleton (Crypt:1)
  A deep troll skeleton (Crypt:1)
  17 orc warriors
  5 black bears
  2 glowing shapeshifter skeletons (Vaults:2)
  5 ogres
  25 wolves
  4 boggarts (Vaults:2)
  4 centaurs
  An elephant skeleton (Crypt:2)
  Blork the orc (D:4)
  2 phantoms
  4 kobold brigands
  6 bullfrogs
  5 gnoll sergeants
  2 earth elementals (Elf:2)
  12 scorpions
  A warg zombie (Crypt:1)
  A water moccasin skeleton (Crypt:1)
  4 wights (D:7)
  11 killer bees
  A killer bee (shapeshifter) (D:14)
  4 howler monkeys
  An electric eel (Spider:3)
  4 crimson imps (D:14)
  A bullfrog zombie (Crypt:2)
  3 jellies
  A water moccasin simulacrum (D:5)
  7 hounds
  3 gnoll boudas
  12 orc priests
  5 iguanas
  A sleepcap (D:6)
  18 orc wizards
  A bullfrog simulacrum (D:5)
  30 gnolls
  6 adders
  7 white imps
  A howler monkey simulacrum (D:5)
  6 worms
  8 dart slugs
  An adder simulacrum (D:5)
  68 orcs
  8 endoplasms
  A giant cockroach (D:2)
  8 goblins
  9 hobgoblins
  14 jackals
  2 quokkas (D:2)
  7 ball pythons
  8 bats
  8 frilled lizards
  14 kobolds
  A quokka skeleton (Crypt:1)
  5 rats
2537 creatures vanquished.

Vanquished Creatures (others)
  A deep elf knight (Elf:1)
  A sixfirhy (D:13)
  A goliath frog (Swamp:3)
  An ironbound convoker (Desolation)
  A torpor snail (Spider:4)
  A tengu conjurer (D:13)
  A bloated husk (Swamp:3)
  A swamp worm (Swamp:3)
  An orc (Vaults:5)
  40 foxfires
49 creatures vanquished.

Grand Total: 2586 creatures vanquished

Notes
Turn   | Place    | Note
-------+----------+-------------------------------------------
     0 | D:1      | JaaP the Minotaur Fighter began the quest for the Orb.
     0 | D:1      | Reached XP level 1. HP: 19/19 MP: 0/0
   208 | D:1      | Reached XP level 2. HP: 24/27 MP: 1/1
   533 | D:1      | Reached XP level 3. HP: 30/33 MP: 2/2
  1484 | D:2      | Reached XP level 4. HP: 40/40 MP: 3/3
  2297 | D:3      | Found a faded altar of an unknown god.
  2837 | D:4      | Noticed Blork the orc
  2846 | D:4      | Killed Blork the orc
  2847 | D:4      | Reached XP level 5. HP: 38/47 MP: 4/4
  3018 | D:4      | Noticed Menkaure
  3024 | D:4      | Killed Menkaure
  3025 | D:4      | Reached skill level 5 in Fighting
  3025 | D:4      | Reached skill level 5 in Armour
  3025 | D:4      | Reached skill level 5 in Shields
  3025 | D:4      | Reached XP level 6. HP: 16/56 MP: 1/5
  3433 | D:4      | Identified 2 scrolls of acquirement
  3433 | D:4      | Acquired 1068 gold pieces
  3577 | D:4      | Acquired the ring "Koh Typo" {rF+ Will+}
  3619 | D:4      | Found Syerphoh's Assorted Antiques.
  3622 | D:4      | Bought a glowing sapphire potion for 18 gold pieces
  3622 | D:4      | Bought a scroll labelled HAX BAOMOYQUSO for 21 gold pieces
  3622 | D:4      | Bought a scroll labelled NAXAPPETYS for 21 gold pieces
  3673 | D:5      | Entered Level 5 of the Dungeon
  3716 | D:4      | Reached skill level 5 in Axes
  3716 | D:4      | Reached XP level 7. HP: 37/62 MP: 3/6
  3886 | D:5      | Found a staircase to the Ecumenical Temple.
  3968 | Temple   | Entered the Ecumenical Temple
  4023 | Temple   | Became a worshipper of Warmaster Okawaru
  4089 | D:5      | Found a runed translucent gate.
  4089 | D:5      | Found a runed translucent gate.
  4089 | D:5      | Found a runed translucent gate.
  4202 | D:5      | Noticed heinrich's ghost (amateur TrMo)
  5068 | D:6      | Reached XP level 8. HP: 58/71 MP: 5/7
  5335 | D:6      | Reached * piety under Okawaru
  5800 | D:7      | Reached ** piety under Okawaru
  5801 | D:7      | Reached XP level 9. HP: 69/81 MP: 6/8
  6942 | D:8      | Reached skill level 1 in Maces & Flails
  7230 | D:8      | Noticed Jeremiah
  7253 | D:8      | Killed Jeremiah
  7254 | D:8      | Reached skill level 1 in Throwing
  7472 | D:8      | Reached *** piety under Okawaru
  7480 | D:8      | Reached XP level 10. HP: 74/91 MP: 9/9
  7683 | D:9      | Found a white marble altar of Elyvilon.
  8239 | D:9      | Noticed Psyche
  8255 | D:9      | Killed Psyche
  8997 | D:10     | Entered Level 10 of the Dungeon
  9065 | D:10     | Found a bloodstained altar of Trog.
  9117 | D:10     | Reached skill level 10 in Fighting
  9120 | D:10     | Reached skill level 10 in Armour
  9307 | D:10     | Reached **** piety under Okawaru
  9308 | D:10     | Reached skill level 10 in Shields
  9409 | D:10     | Identified the +0 scale mail "Xiwell" {rN+}
  9513 | D:10     | Reached skill level 10 in Axes
  9595 | D:10     | Found the +9 staff of Olgreb {rPois∞}
  9601 | D:10     | Noticed a wolf spider
  9603 | D:10     | Found a runed translucent gate.
  9603 | D:10     | Found a runed translucent gate.
  9604 | D:10     | Found a runed translucent door.
  9632 | D:10     | Found a runed translucent gate.
  9634 | D:10     | Noticed a wolf spider
  9634 | D:10     | Noticed a wolf spider
  9680 | D:10     | Found a runed translucent door.
 10058 | D:11     | Found Moepnyki's Weapon Shop.
 10058 | D:11     | Found Nacror's Armour Shop.
 10307 | D:11     | Reached XP level 11. HP: 45/101 MP: 3/10
 10465 | D:11     | Found a staircase to the Orcish Mines.
 10488 | D:11     | Bought the +3 pair of gauntlets of War {Slay+5} for 760
                  | gold pieces
 10488 | D:11     | Found the +3 pair of gauntlets of War {Slay+5}
 10753 | D:11     | Reached skill level 5 in Throwing
 10831 | D:11     | Found a staircase to the Lair.
 11548 | Lair:1   | Entered Level 1 of the Lair of Beasts
 11551 | Lair:1   | Reached ***** piety under Okawaru
 11657 | Lair:1   | Noticed Joseph
 11669 | Lair:1   | Killed Joseph
 11835 | Lair:1   | Noticed Gastronok
 11847 | Lair:1   | Killed Gastronok
 11955 | Lair:1   | Received a gift from Okawaru
 12069 | Lair:1   | Identified the ring "Nuagix" {EV+5 Str-5 Int+6}
 12145 | Lair:1   | Found a runed translucent gate.
 12145 | Lair:1   | Found a runed translucent gate.
 12254 | Lair:1   | Reached XP level 12. HP: 84/113 MP: 4/11
 12473 | Lair:1   | Found a runed translucent gate.
 12474 | Lair:1   | Noticed quik's ghost (journeyman TrSh)
 12901 | Lair:1   | HP: 1/113 [quik's ghost (21)]
 12902 | Lair:1   | Killed quik's ghost
 13208 | Lair:2   | Received a gift from Okawaru
 13431 | Lair:2   | Found a staircase to the Swamp.
 13808 | Lair:2   | Noticed Sonja
 14070 | Lair:3   | Identified the of Xihot
 14105 | Lair:3   | Noticed a five-headed hydra
 14114 | Lair:3   | Killed a five-headed hydra
 14255 | Lair:3   | Noticed a boulder beetle
 14257 | Lair:3   | Found a hole to the Spider Nest.
 14258 | Lair:3   | Noticed a five-headed hydra
 14265 | Lair:3   | Killed a five-headed hydra
 14265 | Lair:3   | Received a gift from Okawaru
 14288 | Lair:3   | Killed a boulder beetle
 14540 | Lair:3   | Found a runed translucent door.
 14541 | Lair:3   | Found a shimmering altar of Xom.
 14541 | Lair:3   | Noticed Vuwiesed's ghost (journeyman DsSh)
 14841 | Lair:3   | Noticed a death yak
 14841 | Lair:3   | Noticed a death yak
 14867 | Lair:3   | Killed a death yak
 15015 | Lair:3   | Noticed a death yak
 15016 | Lair:3   | Noticed a death yak
 15027 | Lair:2   | Killed a death yak
 15035 | Lair:2   | Reached XP level 13. HP: 96/125 MP: 9/12
 15187 | Lair:2   | Killed Sonja
 15776 | Lair:3   | Noticed Urug
 15785 | Lair:3   | Killed Urug
 15785 | Lair:3   | Received a gift from Okawaru
 15786 | Lair:3   | Reached skill level 10 in Throwing
 16247 | D:10     | Reached skill level 15 in Fighting
 16336 | D:10     | Paralysed by a hornet for 2 turns
 16351 | D:10     | Reached skill level 15 in Axes
 16497 | Lair:3   | Killed Vuwiesed's ghost
 16498 | Lair:3   | Reached skill level 1 in Evocations
 16595 | Lair:3   | Received a gift from Okawaru
 16910 | Lair:4   | Reached ****** piety under Okawaru
 16913 | Lair:4   | Acquired the +13 crystal plate armour "Teenulau" {rPois
                  | Int+6 Dex-3}
 16913 | Lair:4   | Received a gift from Okawaru
 17268 | Lair:4   | Acquired a +2 vampiric executioner's axe
 17268 | Lair:4   | Received a gift from Okawaru
 17418 | Lair:4   | Received a gift from Okawaru
 17636 | Lair:4   | Found a viscous altar of Jiyva.
 17653 | Lair:4   | Found a staircase to the Slime Pits.
 17867 | Lair:4   | Reached XP level 14. HP: 134/134 MP: 6/13
 18268 | Lair:5   | Entered Level 5 of the Lair of Beasts
 18502 | Lair:5   | Received a gift from Okawaru
 18503 | Lair:5   | Reached skill level 5 in Evocations
 18515 | Lair:5   | Noticed Nessos
 18526 | Lair:5   | Killed Nessos
 19089 | Lair:5   | Gained mutation: You possess an exceptional clarity of
                  | mind. [potion of mutation]
 19089 | Lair:5   | Gained mutation: Your spells are a little harder to cast,
                  | but a little more powerful. [potion of mutation]
 19549 | Lair:5   | Received a gift from Okawaru
 20229 | Orc:1    | Entered Level 1 of the Orcish Mines
 20476 | Orc:2    | Entered Level 2 of the Orcish Mines
 20506 | Orc:2    | Found Nuph's Assorted Antiques.
 20515 | Orc:2    | Bought a tubular wooden ring for 140 gold pieces
 20515 | Orc:2    | Bought a scroll of identify for 56 gold pieces
 20567 | Orc:2    | Found Kyonoxzo's Antique Weapon Emporium.
 20627 | Orc:2    | Found a staircase to the Elven Halls.
 20727 | Orc:2    | Found Duong's Jewellery Shoppe.
 21105 | Orc:2    | Found Woohaa Osou's Antique Armour Shoppe.
 21108 | Orc:2    | Received a gift from Okawaru
 21169 | Orc:2    | Found Gabi's Distillery.
 21207 | Orc:2    | Found Edomuum's Antique Weapon Shoppe.
 21437 | Orc:2    | Found Hyki's Weapon Boutique.
 21557 | Orc:2    | Bought the ring of Tomorrow {Wiz rElec Str+3 Int+2 Stlth+}
                  | for 859 gold pieces
 21805 | Spider:1 | Entered Level 1 of the Spider Nest
 21912 | Spider:1 | Identified the +8 plate armour "Fiebiqeef" {+Inv rF-
                  | Slay+3}
 21960 | Spider:1 | Reached XP level 15. HP: 145/147 MP: 11/14
 22009 | Spider:1 | Received a gift from Okawaru
 23279 | Spider:1 | Received a gift from Okawaru
 24209 | Spider:2 | Received a gift from Okawaru
 24745 | Spider:3 | Received a gift from Okawaru
 24755 | Spider:3 | Noticed Arachne
 24763 | Spider:3 | Noticed an emperor scorpion
 24772 | Spider:3 | Killed an emperor scorpion
 25089 | Spider:2 | HP: 6/149 [Arachne/staff of poison (3)]
 25097 | Spider:2 | HP: 7/149 [Arachne/poison arrow (7)]
 25102 | Spider:2 | Killed Arachne
 25103 | Spider:2 | Reached XP level 16. HP: 37/159 MP: 1/15
 25581 | Spider:3 | Received a gift from Okawaru
 25651 | Spider:3 | Identified the +1 whip of the Voracious God {antimagic,
                  | rElec Str+2 Dex-3}
 26089 | Spider:4 | Entered Level 4 of the Spider Nest
 26675 | Spider:4 | Received a gift from Okawaru
 27485 | Spider:4 | Reached skill level 15 in Armour
 27710 | Spider:4 | Reached skill level 10 in Evocations
 27716 | Spider:4 | Received a gift from Okawaru
 28432 | Spider:4 | Identified the +0 pair of boots of Ignis's Envy {rPois rN+
                  | Dex+3}
 28467 | Spider:4 | Got a gossamer rune of Zot
 28675 | Swamp:1  | Entered Level 1 of the Swamp
 28762 | Lair:2   | Reached skill level 1 in Staves
 29182 | Swamp:1  | Reached XP level 17. HP: 156/170 MP: 16/16
 29215 | Swamp:1  | Received a gift from Okawaru
 29251 | Swamp:1  | Noticed Kirke
 29369 | Swamp:1  | Killed Kirke
 30370 | Swamp:2  | Received a gift from Okawaru
 30555 | Swamp:2  | Reached skill level 5 in Staves
 31300 | Swamp:3  | Received a gift from Okawaru
 32070 | Swamp:4  | Entered Level 4 of the Swamp
 32278 | Swamp:4  | Received a gift from Okawaru
 32594 | Swamp:4  | Got a decaying rune of Zot
 33330 | Desolati | Identified the of Weheang
 33330 | Desolati | Identified the "Inachof"
 33330 | Desolati | Identified the of Teropuno
 33330 | Desolati | Identified the of Pucs
 33330 | Vaults:5 | Identified the "Voediar"
 33330 | Vaults:5 | Identified the of Onia
 33330 | Vaults:5 | Identified the of Avaqouv
 33330 | Crypt:3  | Identified the "Wykhlepsa"
 33330 | Depths:2 | Identified the "Iren"
 33330 | Elf:1    | Entered Level 1 of the Elven Halls
 33344 | Elf:1    | Received a gift from Okawaru
 33444 | Elf:1    | Reached XP level 18. HP: 133/182 MP: 17/17
 33658 | Elf:1    | Noticed Asterion
 33666 | Elf:1    | Killed Asterion
 33799 | Elf:1    | Identified the +1 robe of Filth {rC- Str+7 Dex-4}
 34186 | Elf:1    | Found Zyma's Book Emporium.
 34306 | Elf:1    | Received a gift from Okawaru
 34867 | Elf:2    | Found a shimmering altar of Xom.
 35630 | Elf:2    | Found a huge runed translucent gate.
 35630 | Elf:2    | Found a huge runed translucent gate.
 35630 | Elf:2    | Found a huge runed translucent gate.
 35631 | Elf:2    | Found a huge runed translucent gate.
 35633 | Elf:2    | Found a huge runed translucent gate.
 35854 | Elf:2    | Received a gift from Okawaru
 36685 | Elf:3    | Entered Level 3 of the Elven Halls
 37140 | Elf:3    | Received a gift from Okawaru
 37310 | Elf:3    | Noticed Norris
 37818 | Elf:3    | Found Baon's Weapon Boutique.
 37818 | Elf:3    | Found Suufylipp's Weapon Shop.
 37825 | Elf:3    | Found Gofu Goecue's Jewellery Shop.
 37831 | Elf:3    | Found Pedaniep's Jewellery Boutique.
 38020 | Elf:3    | Reached XP level 19. HP: 161/195 MP: 18/18
 38416 | Elf:3    | Received a gift from Okawaru
 38472 | Elf:3    | Killed Norris
 38614 | Elf:3    | Identified the ring of Feej {rElec Will++ MP+9 Dex-5 SInv}
 39029 | Elf:3    | Identified the staff "Cech" {rPois rC++ Poison}
 40169 | D:12     | Found Magif's Magic Scroll Shop.
 40174 | D:12     | Bought a scroll of teleportation for 39 gold pieces
 40282 | D:13     | Found Realomod's Weapon Shop.
 40376 | D:13     | Found Ysampig's Jewellery Emporium.
 40379 | D:13     | Bought the amulet of Miasoak {Reflect rElec Int+2 Dex+2
                  | SH+5} for 838 gold pieces
 40553 | D:13     | Found Animofrui's Assorted Antiques.
 40619 | D:13     | Found Acwulut's Distillery.
 40628 | D:13     | Received a gift from Okawaru
 40697 | D:13     | Bought a potion of resistance for 100 gold pieces
 41131 | D:13     | Found a gate to the Vaults.
 41303 | D:13     | Found Toquanot's Book Shoppe.
 41666 | Vaults:1 | Entered Level 1 of the Vaults
 41832 | Vaults:1 | Found Qamaple's Antique Weapon Boutique.
 41850 | Vaults:1 | Bought an iridescent great mace for 333 gold pieces
 41850 | Vaults:1 | Identified the +5 great mace of the Trees {vamp, Str+4
                  | Dex-4} (You bought it in a shop on level 1 of the Vaults)
 41915 | Vaults:1 | Received a gift from Okawaru
 43133 | Vaults:1 | Received a gift from Okawaru
 43161 | Vaults:1 | Reached skill level 1 in Invocations
 43281 | Vaults:1 | Identified the +3 chain mail "Denef" {Regen+}
 43554 | Vaults:1 | Found a huge runed gate.
 43554 | Vaults:1 | Found a huge runed gate.
 43554 | Vaults:1 | Found a huge runed gate.
 43554 | Vaults:1 | Found a huge runed gate.
 43554 | Vaults:1 | Found a huge runed gate.
 43554 | Vaults:1 | Found a huge runed gate.
 43555 | Vaults:1 | Found a huge runed gate.
 43555 | Vaults:1 | Found a huge runed gate.
 43555 | Vaults:1 | Found a huge runed gate.
 43555 | Vaults:1 | Found a huge runed gate.
 43558 | Vaults:1 | Found a huge runed gate.
 43558 | Vaults:1 | Found a huge runed gate.
 43558 | Vaults:1 | Found a huge runed gate.
 43558 | Vaults:1 | Found a huge runed gate.
 43558 | Vaults:1 | Found a huge runed gate.
 43558 | Vaults:1 | Found a huge runed gate.
 43559 | Vaults:1 | Found a huge runed gate.
 43560 | Vaults:1 | Found a huge runed gate.
 43561 | Vaults:1 | Found a huge runed gate.
 43569 | Vaults:1 | Found a huge runed gate.
 43569 | Vaults:1 | Found a huge runed gate.
 43569 | Vaults:1 | Found a huge runed gate.
 43569 | Vaults:1 | Found a huge runed gate.
 43569 | Vaults:1 | Found a huge runed gate.
 43569 | Vaults:1 | Found a huge runed gate.
 43570 | Vaults:1 | Found a huge runed gate.
 43571 | Vaults:1 | Found a huge runed gate.
 43572 | Vaults:1 | Found a huge runed gate.
 43580 | Vaults:1 | Found a huge runed gate.
 43580 | Vaults:1 | Found a huge runed gate.
 43580 | Vaults:1 | Found a huge runed gate.
 43580 | Vaults:1 | Found a huge runed gate.
 43580 | Vaults:1 | Found a huge runed gate.
 43580 | Vaults:1 | Found a huge runed gate.
 43581 | Vaults:1 | Found a huge runed gate.
 43582 | Vaults:1 | Found a huge runed gate.
 43750 | Vaults:1 | Reached XP level 20. HP: 193/207 MP: 21/21
 43873 | Vaults:1 | Identified the +8 flail of the Extremes {venom, rPois Int+3
                  | Stlth+}
 44238 | Vaults:2 | Received a gift from Okawaru
 44245 | Vaults:2 | Reached skill level 5 in Invocations
 44319 | Vaults:2 | Found a crumbling gateway.
 44326 | Desolati | Entered the Desolation of Salt
 44428 | Desolati | Received a gift from Okawaru
 44437 | Desolati | Identified the ring of Atheism {Fire rN+ Int+3 Dex+4
                  | Stlth+}
 44463 | Desolati | Identified the ring of the Slimy God {Fire Dex+3}
 45017 | Desolati | Found the +4 skin of Zhor {*Englaciate rC+++ SInv}
 45039 | Desolati | Identified the +1 robe of the Morning Star {Harm}
 45101 | Desolati | Received a gift from Okawaru
 45136 | Desolati | Identified the ring of Imock {Wiz rPois Dex+3}
 46661 | Vaults:2 | Reached XP level 21. HP: 188/217 MP: 27/27
 46665 | Vaults:2 | Received a gift from Okawaru
 47006 | Vaults:2 | Found a staircase to the Crypt.
 47012 | Vaults:2 | Reached skill level 10 in Invocations
 47017 | Crypt:1  | Entered Level 1 of the Crypt
 47026 | Arena    | Entered the Arena
 47808 | Crypt:1  | Received a gift from Okawaru
 48930 | Crypt:2  | Found a transporter.
 48932 | Crypt:2  | Found a transporter.
 48937 | Crypt:2  | Found a transporter.
 48940 | Crypt:2  | Noticed a dread lich
 49300 | Crypt:2  | Received a gift from Okawaru
 49353 | Crypt:2  | Found the +8 Vampire's Tooth {megavamp}
 49445 | Crypt:2  | Found a transporter.
 49465 | Crypt:2  | Found a transporter.
 49517 | Arena    | Entered the Arena
 49539 | Arena    | Entered the Arena
 49567 | Crypt:2  | HP: 9/220 [jiangshi (11)]
 49568 | Arena    | Entered the Arena
 49597 | Arena    | Entered the Arena
 51208 | Vaults:3 | You fall into a shaft and drop 1 floor!
 51282 | Vaults:4 | Reached XP level 22. HP: 228/228 MP: 30/30
 51476 | Vaults:4 | Received a gift from Okawaru
 52857 | Arena    | Entered the Arena
 52865 | Arena    | Killed a dread lich
 52865 | Arena    | Received a gift from Okawaru
 52888 | Crypt:2  | HP: 9/231 [??? (6)]
 52889 | Arena    | Entered the Arena
 52905 | Crypt:2  | HP: 10/231 [??? (7)]
 53323 | Arena    | Entered the Arena
 53341 | Arena    | Entered the Arena
 53732 | Crypt:2  | Identified the +4 rapier of Hell's Wrath {flame, MP+9}
 53733 | Crypt:2  | Identified the ring "Cused" {rC- rCorr Int+4}
 53746 | Crypt:2  | Identified the +0 quarterstaff of Impatience {elec, *Slow
                  | rElec rC- Int+7}
 53754 | Crypt:2  | Identified the ring "Ludeuv" {Int+6 Dex+2}
 54096 | Vaults:5 | Entered Level 5 of the Vaults
 54343 | Vaults:5 | Noticed an ancient lich
 54353 | Vaults:4 | Received a gift from Okawaru
 54528 | Vaults:5 | Killed an ancient lich
 54529 | Vaults:5 | Reached skill level 15 in Invocations
 54565 | Vaults:5 | Reached XP level 23. HP: 210/231 MP: 33/33
 54594 | Vaults:5 | Noticed a dread lich
 54603 | Vaults:5 | Killed a dread lich
 54821 | Vaults:5 | Identified the staff "Bomapin" {rN+ Necro Ice}
 54845 | Vaults:5 | Identified the +9 hand axe of Iluhy {vamp, rElec}
 55305 | Vaults:5 | Identified the +4 dagger of Puj Nec {heavy, rN+ Will+
                  | Str+2}
 55313 | Vaults:5 | Received a gift from Okawaru
 55703 | Vaults:5 | Got a silver rune of Zot
 55727 | Vaults:5 | Reached skill level 27 in Fighting
 55747 | Vaults:5 | Identified the +3 quarterstaff of the Filigreed God {spect,
                  | Will+ rCorr Str+3}
 56047 | Vaults:5 | Found Suczorao's Weapon Boutique.
 56210 | Vaults:5 | Identified the +1 spear "Hieppiaf" {spect, rF++ Str+3}
 56229 | Vaults:5 | Identified the +7 shortbow "Angehy" {antimagic, Drain rPois
                  | Dex+5}
 57076 | D:14     | Received a gift from Okawaru
 57198 | D:14     | Identified the +1 short sword "Depemah" {flame, rC+ rN+
                  | Dex+4 Stlth+}
 57570 | D:15     | Entered Level 15 of the Dungeon
 57597 | D:15     | Reached skill level 27 in Axes
 57611 | D:15     | Found a staircase to the Depths.
 58080 | Depths:1 | Entered Level 1 of the Depths
 58122 | Depths:1 | Reached skill level 15 in Throwing
 58638 | Depths:1 | Found a one-way gate to the infinite horrors of the Abyss.
 58659 | Depths:1 | Found a gateway to Hell.
 59067 | Depths:2 | Found a one-way gate leading to the halls of Pandemonium.
 59083 | Depths:2 | Received a gift from Okawaru
 59494 | Depths:2 | Reached XP level 24. HP: 161/249 MP: 35/35
 59673 | Depths:2 | Received a gift from Okawaru
 59879 | Depths:2 | Identified the +0 fire dragon scales "Peuzoci" {Fly rF++
                  | rC- MP+9 Stlth+}
 59880 | Depths:2 | Identified the +4 great sword of Demonkind {spect, Str+2
                  | Int+7}
 59940 | Depths:2 | Identified the +9 shortbow "Earthworm" {antimagic, rF++ rC+
                  | rCorr Int-3 SInv}
 60048 | Depths:2 | Found Ipli's Book Shop.
 60058 | Depths:2 | Found a shimmering altar of Xom.
 60059 | Depths:2 | Found a shimmering altar of Xom.
 60062 | Depths:2 | Found a shimmering altar of Xom.
 60160 | Depths:2 | Found a one-way gateway to a ziggurat.
 60464 | Depths:2 | Found Miniuw's Tremendous Tomes.
 60718 | Depths:3 | Noticed Vv
 60718 | Depths:3 | Found a corrupted altar of Lugonu.
 60837 | Depths:3 | Killed Vv
 61057 | Depths:3 | Noticed Mennas
 61171 | Depths:2 | Killed Mennas
 61506 | Depths:3 | Received a gift from Okawaru
 62008 | Depths:3 | Received a gift from Okawaru
 62024 | Depths:3 | Noticed a juggernaut
 62030 | Depths:3 | Noticed the Enchantress
 62040 | Depths:3 | Killed a juggernaut
 62042 | Depths:3 | Noticed a juggernaut
 62101 | Depths:3 | Killed a juggernaut
 62137 | Depths:3 | Killed the Enchantress
 62143 | Depths:3 | Received a gift from Okawaru
 62201 | Depths:3 | Reached XP level 25. HP: 224/257 MP: 35/35
 62497 | Depths:3 | Found a shimmering blue altar of Sif Muna.
 62530 | Depths:3 | Identified the +3 shortbow "Hahis" {freeze, Dex+6}
 62729 | Depths:4 | Entered Level 4 of the Depths
 62820 | Depths:4 | Identified the +7 sling "Embalmer" {freeze, Will- Dex+5
                  | Stlth+}
 62841 | Depths:4 | Found a gate to the Realm of Zot.
 62866 | Zot:1    | Entered Level 1 of the Realm of Zot
 62910 | Depths:4 | Noticed Sojobo
 63245 | Depths:4 | Killed Sojobo
 64104 | Depths:4 | Received a gift from Okawaru
 64105 | Depths:4 | Identified the ring of Viles {Ice rCorr Stlth+}
 64105 | Depths:4 | Noticed Josephina
 64116 | Depths:4 | Killed Josephina
 64849 | Depths:4 | Upgraded the game from 0.31-a0-971-g75a2e9a4b4 to
                  | 0.31-a0-977-gc230f8ef24
 65165 | Elf:3    | Bought the +7 executioner's axe of Governance {freeze, Fly
                  | rF+ Will+ Int+3} for 1134 gold pieces
 65356 | D:13     | Bought a potion of ambrosia for 80 gold pieces
 65356 | D:13     | Bought a potion of might for 40 gold pieces
 65356 | D:13     | Bought a potion of might for 40 gold pieces
 65411 | D:12     | Bought a scroll of silence for 123 gold pieces
 65566 | Orc:2    | Bought a potion of curing for 54 gold pieces
 65566 | Orc:2    | Bought a potion of haste for 180 gold pieces
 65566 | Orc:2    | Bought a potion of cancellation for 144 gold pieces
 65566 | Orc:2    | Bought a potion of curing for 54 gold pieces
 65566 | Orc:2    | Bought a potion of mutation for 144 gold pieces
 66926 | Zot:1    | Noticed a dread lich
 66966 | Zot:1    | Killed a dread lich
 66966 | Zot:1    | Received a gift from Okawaru
 66974 | Zot:1    | Noticed a dread lich
 66984 | Zot:1    | Killed a dread lich
 66997 | Zot:1    | Noticed a dread lich
 67001 | Zot:1    | Killed a dread lich
 67002 | Zot:1    | Noticed a dread lich
 67004 | Zot:1    | Noticed a dread lich
 67011 | Zot:1    | Killed a dread lich
 67011 | Zot:1    | Killed a dread lich
 67162 | Zot:1    | Identified the +7 spear "Concordance" {elec, Fragile rF-
                  | rCorr Int+8}
 67412 | Zot:2    | Received a gift from Okawaru
 68406 | Zot:3    | Found a transporter.
 68406 | Zot:3    | Found a shimmering blue altar of Sif Muna.
 68409 | Zot:3    | Noticed an orb of fire
 68409 | Zot:3    | Noticed an orb of fire
 68410 | Zot:3    | Noticed a dread lich
 68460 | Zot:3    | Gained mutation: Armour fits poorly on your strangely
                  | shaped body. [an orb of fire]
 68473 | Zot:2    | Killed an orb of fire
 68474 | Zot:2    | Reached XP level 26. HP: 246/266 MP: 36/36
 68509 | Zot:3    | Received a gift from Okawaru
 69217 | Zot:3    | Found a transporter.
 70238 | Zot:5    | Entered Level 5 of the Realm of Zot
 70310 | Zot:5    | Received a gift from Okawaru
 70908 | Zot:5    | Noticed a dread lich
 71421 | Zot:4    | Killed a dread lich
 71421 | Zot:4    | Received a gift from Okawaru
 72379 | Zot:5    | Noticed an orb of fire
 72379 | Zot:5    | Noticed an orb of fire
 72379 | Zot:5    | Noticed an orb of fire
 72379 | Zot:5    | Gained mutation: You occasionally lose the ability to drink
                  | potions when taking damage. [an orb of fire]
 72379 | Zot:5    | Lost mutation: You possess an exceptional clarity of mind.
                  | [an orb of fire]
 72379 | Zot:5    | Gained mutation: You are frail. (-10% HP) [an orb of fire]
 72387 | Zot:5    | Gained mutation: You are weak. (Str -2) [an orb of fire]
 72392 | Arena    | Entered the Arena
 72395 | Arena    | Killed an orb of fire
 72420 | Arena    | Entered the Arena
 72423 | Arena    | Gained mutation: You are very frail. (-20% HP) [an orb of
                  | fire]
 72426 | Arena    | Killed an orb of fire
 72452 | Zot:5    | Killed an orb of fire
 72463 | Zot:5    | Noticed a dread lich
 72467 | Zot:5    | Killed a dread lich
 72472 | Zot:5    | Noticed an ancient lich
 72484 | Arena    | Entered the Arena
 72484 | Arena    | HP: 4/212 [Killer Klown/+9 club (10)]
 72492 | Arena    | Lost mutation: You are weak. (Str -2) [potion of mutation]
 72492 | Arena    | Lost mutation: Your spells are a little harder to cast, but
                  | a little more powerful. [potion of mutation]
 72492 | Arena    | Gained mutation: Your body sometimes deteriorates upon
                  | taking damage. [potion of mutation]
 72492 | Arena    | Gained mutation: Your system is resistant to poisons.
                  | (rPois) [potion of mutation]
 72493 | Arena    | Lost mutation: Your body sometimes deteriorates upon taking
                  | damage. [potion of mutation]
 72493 | Arena    | Lost mutation: You are very frail. (-20% HP) [potion of
                  | mutation]
 72493 | Arena    | Gained mutation: You sometimes lose the ability to drink
                  | potions when taking damage. [potion of mutation]
 72493 | Arena    | Gained mutation: Your body sometimes deteriorates upon
                  | taking damage. [potion of mutation]
 72494 | Arena    | Lost mutation: Your system is resistant to poisons. (rPois)
                  | [potion of mutation]
 72494 | Arena    | Lost mutation: You sometimes lose the ability to drink
                  | potions when taking damage. [potion of mutation]
 72494 | Arena    | Lost mutation: You occasionally lose the ability to drink
                  | potions when taking damage. [potion of mutation]
 72494 | Arena    | Gained mutation: You expend magic power (3 MP) to
                  | strengthen your wands. [potion of mutation]
 72495 | Arena    | Lost mutation: Your body sometimes deteriorates upon taking
                  | damage. [potion of mutation]
 72495 | Arena    | Lost mutation: You expend magic power (3 MP) to strengthen
                  | your wands. [potion of mutation]
 72495 | Arena    | Lost mutation: You are frail. (-10% HP) [potion of
                  | mutation]
 72495 | Arena    | Gained mutation: You are partially covered in large bone
                  | plates. (SH +4) [potion of mutation]
 73671 | Slime:1  | Entered Level 1 of the Pits of Slime
 74578 | Slime:3  | Paralysed by a formless jellyfish for 1 turns
 75607 | Slime:2  | Reached XP level 27. HP: 259/273 MP: 37/37
 75615 | Slime:2  | Gained mutation: You occasionally shout uncontrollably at
                  | your foes. [a shining eye]
 76371 | Slime:5  | Identified the "Olokhliz"
 76371 | Slime:5  | Identified the "Laoxeg"
 76371 | Slime:5  | Identified the "Taotipn"
 76371 | Slime:5  | Entered Level 5 of the Pits of Slime
 76708 | Slime:4  | Received a gift from Okawaru
 77588 | Slime:5  | Noticed the Royal Jelly
 77771 | Slime:5  | Found a viscous altar of Jiyva.
 77834 | Slime:5  | Killed the Royal Jelly
 78679 | Slime:5  | Identified the +2 ring mail of Toroshua {Will- Str+4}
 78705 | Slime:5  | Identified the maw talisman of Failure {Int+4}
 78713 | Slime:5  | Identified the staff "Yxiot" {rC+ Will++ Stlth- Ice}
 78740 | Slime:5  | Identified the +4 ring mail of Limited Liability {rPois
                  | rCorr}
 78757 | Slime:5  | Got a slimy rune of Zot
 79675 | Zot:5    | Noticed an orb of fire
 79677 | Zot:5    | Killed an orb of fire
 79678 | Zot:5    | Noticed an orb of fire
 79679 | Zot:5    | Noticed an orb of fire
 79690 | Zot:5    | Gained mutation: Your movements are slightly less
                  | encumbered by armour. (ER -2) [an orb of fire]
 79702 | Zot:4    | Killed an orb of fire
 79702 | Zot:4    | Received a gift from Okawaru
 79940 | Zot:5    | Gained mutation: You have hidden genetic defects. [an orb
                  | of fire]
 79952 | Zot:4    | Gained mutation: Your body sometimes deteriorates upon
                  | taking damage. [an orb of fire]
 79953 | Zot:4    | Killed an orb of fire
 80402 | Zot:4    | Lost mutation: Your movements are slightly less encumbered
                  | by armour. (ER -2) [potion of mutation]
 80402 | Zot:4    | Lost mutation: You occasionally shout uncontrollably at
                  | your foes. [potion of mutation]
 80402 | Zot:4    | Lost mutation: You have hidden genetic defects. [potion of
                  | mutation]
 80402 | Zot:4    | Gained mutation: You passively map a small area around you.
                  | [potion of mutation]
 80402 | Zot:4    | Gained mutation: You are agile. (Dex +4, Str/Int -1)
                  | [potion of mutation]
 80403 | Zot:4    | Lost mutation: You passively map a small area around you.
                  | [potion of mutation]
 80403 | Zot:4    | Lost mutation: Your body sometimes deteriorates upon taking
                  | damage. [potion of mutation]
 80403 | Zot:4    | Gained mutation: You have sharp fingernails. [potion of
                  | mutation]
 80403 | Zot:4    | Gained mutation: Your system is resistant to poisons.
                  | (rPois) [potion of mutation]
 80403 | Zot:4    | Gained mutation: You are somewhat resistant to further
                  | mutation. [potion of mutation]
 80461 | Zot:5    | Noticed an orb of fire
 80465 | Zot:5    | Killed an ancient lich
 80466 | Zot:5    | Noticed a dread lich
 80467 | Zot:5    | Gained mutation: You are vulnerable to heat. (rF-) [an orb
                  | of fire]
 80471 | Zot:5    | Killed a dread lich
 80473 | Zot:5    | Killed an orb of fire
 81232 | Zot:5    | Got the Orb of Zot
 81366 | Zot:2    | Noticed Inioczy the pandemonium lord
 81779 | D:5      | Killed heinrich's ghost
 81779 | D:5      | Received a gift from Okawaru
 81885 | D:4      | Noticed Gyzy the pandemonium lord
 81920 | D:4      | Killed Gyzy the pandemonium lord
 82189 | D:$      | Escaped with the Orb!

Illustrated notes

Levels and vault maps discovered:
D:1:      dpeg_arrival_yet_another_circle, layout_loops_corners
D:2:      minmay_razor_zed, layout_basic
D:3:      layout_basic, basic_ecumenical_altar
D:4:      layout_basic, serial_shops, kennysheep_mini_moat, uniq_blork_the_orc,
          uniq_menkaure
D:5:      layout_loops_corners, minmay_temple_entry_waves, gammafunk_ghost_icy,
          grunt_ministairs_5
D:6:      layout_rooms
D:7:      layout_cave_pools, serial_gnoll_camp, gnoll_camp_huts_basic,
          gnoll_camp_mini_sergeant, gnoll_camp_mini_doghouse,
          gnoll_camp_mini_hut, gnoll_camp_mini_doghouse
D:8:      layout_rooms, minmay_misc_feat_cross, uniq_jeremiah
D:9:      layout_layer_cave, mainiacjoe_overflow_catwalk, uniq_psyche
D:10:     layout_basic, mainiacjoe_overflow_small_starburst,
          minmay_guarded_unrand_staff_of_olgreb
D:11:     layout_loops_ring, minmay_lair_entry_grove, orc_david_3
D:12:     layout_loops_ring, serial_shops, nicolae_shop_hallway_plus
D:13:     layout_layer_cave, hellmonk_vaults_keyhole, serial_shops, shop,
          nicolae_shop_industrial_runoff, nicolae_shop_behind_doors,
          nicolae_shop_rolling_square, nicolae_shop_hallway_stairs,
          serial_demonic, serial_demonic_b, serial_demonic_e, serial_demonic_e,
          serial_demonic_g, serial_demonic_b, serial_demonic_g
D:14:     layout_gridville, minmay_misc_feat_encased, minmay_fire_ice_demons
D:15:     hangedman_depths_entry_try_elsewhere_first, layout_basic,
          minmay_misc_feat_columns
Temple:   mainiacjoe_temple_big_plus
Lair:1:   layout_cave_pods, ebering_ghost_rock_garden, uniq_joseph,
          uniq_gastronok
Lair:2:   layout_misc_corridors, swamp_mist, uniq_sonja
Lair:3:   layout_concentric_octagons, nicolae_spider_entry_non_spiders,
          ebering_ghost_xom, uniq_urug
Lair:4:   layout_cave_pods, minmay_slime_entry_oklob_enclosed,
          serial_bayou_shore_a, lemuel_fruit_tree, infiniplex_staircase_pool_2,
          serial_bayou_shore_b
Lair:5:   guppyfry_lair_end_dragon, layout_regular_city,
          hangedman_lair_tendril_chambers, chequers_serial_rivers_room_b,
          uniq_nessos
Swamp:1:  layout_basic_swamp, serial_swamp_ruin, evilmike_swamp_ruin_rubble_1,
          evilmike_swamp_ruin_house_3, infiniplex_staircase_pool, uniq_kirke
Swamp:2:  layout_basic_swamp, hangedman_swamp_ruin_hall
Swamp:3:  layout_basic_swamp, evilmike_swamp_ruin_house_1
Swamp:4:  swamp, layout_basic_swamp, swamp_pool3, nicolae_swamp_little_swirl
Spider:1: layout_spider_delve, hangedman_spider_tarantella_strand
Spider:2: layout_spider_delve
Spider:3: layout_spider_delve, uniq_arachne
Spider:4: floodkiller_spider_rune_tomb
Slime:1:  layout_caves, nicolae_slime_phagocytosis
Slime:2:  layout_caves, nicolae_slime_getting_an_eyeful
Slime:3:  cheibrodos_slime_lost_civilization_1, layout_caves
Slime:4:  layout_caves
Slime:5:  slime_pit_nicolae_amoeboid
Orc:1:    layout_caves
Orc:2:    hellmonk_orc_salted, layout_diamond_mine, serial_shops,
          nicolae_lakefront_shop, shop, shop
Elf:1:    elf_arrival_002, layout_onion_city, serial_shops, shop,
          hangedman_corner_corridor, uniq_asterion
Elf:2:    elven_hall_of_blades_hangedman_alternative
          [nicolae_blade_entry_hurt_lockers], layout_geoelf_grid, basic_altar
Elf:3:    minmay_elf_hall_dome, layout_gridlike, grunt_ministairs_13,
          roderic_lattice_octagonal_star, minmay_shoptagon, uniq_norris
Vaults:1: v_pattern_2, not_door_vault_due, ontoclasm_vaults_ring_square,
          nicolae_vaults_big_ls, v_alt_pattern_5,
          nicolae_vaults_trapezoid_lopsided_4, vaults_dpeg_diagonal,
          ontoclasm_vaults_ring_small, nicolae_vaults_what_the_h,
          ontoclasm_vaults_decontamination, layout_vaults_big_room,
          serial_shops, nicolae_shop_window_shopping
Vaults:2: portal_desolation_entry_nicolae_slug, hangedman_vaults_nails,
          vaults_mumra_minichess_inversion, nicolae_vaults_steering_wheel,
          nicolae_vaults_cochlea, minmay_crypt_entry_skeletal_spiral,
          nicolae_vaults_arrows, hangedman_vaults_pinch,
          nicolae_vaults_frosty_reception, vaults_room_grid,
          nicolae_vaults_tetromino_Z_2, nicolae_vaults_tetromino_Z_1,
          nicolae_vaults_trapezoid_1, nicolae_vaults_house_1,
          layout_vaults_omnibox
Vaults:3: nicolae_vaults_prndl, hangedman_vaults_stretched_pinwheel, v_misc_26,
          nicolae_vaults_more_shelving_1, v_misc_26,
          nicolae_vaults_little_squares_1, layout_vaults_omnigrid
Vaults:4: nicolae_vaults_closet_pinwheel_5, nicolae_vaults_octothorpe,
          v_alt_pattern_6, v_misc_25, nicolae_vaults_spaceships,
          nicolae_vaults_storage_closets_2, vaults_room_fancy_cross,
          vaults_room_guarded_vault, nicolae_vaults_little_squares_5,
          nicolae_vaults_yaktaur_gun_rack, v_misc_5, ontoclasm_vaults_pinch,
          layout_vaults_ring
Vaults:5
Crypt:1:  layout_rooms, amcnicky_mini_rare_corridor_liquid
Crypt:2:  gammafunk_the_bubble [the_bubble_gammafunk_roulette],
          layout_regular_city, minmay_guarded_unrand_vampires_tooth
Depths:1: layout_gridville, minmay_misc_feat_enclosed, abyss_entry_glasseish,
          hell_entry, nicolae_titane, grunt_megastairs_4
Depths:2: grunt_arcs, layout_basic, enter_ziggurat_d, grunt_mini_vestibule,
          serial_shops, shop, pan_entry, st_stairs_12,
          nicolae_shop_i_like_big_books, xom_redecorated, serial_bayou_shore_b
Depths:3: grunt_crosshair, layout_cave_pools, hell_entry,
          nicolae_triple_integral, abyss_entry_flame_altar, led_sif_pool,
          serial_bayou_shore_b, firewood_loft, uniq_vv, uniq_mennas,
          uniq_enchantress
Depths:4: grunt_twist_and_shout, layout_gridville, hangedman_geh_valley,
          minivault_11, abyss_entry, grunt_pan_entry_in_and_out, st_stairs_4,
          uniq_sojobo, uniq_josephina
Zot:1:    hellmonk_paralyzer, layout_basic
Zot:2:    layout_twisted_circle, hangedman_zot_decor_unnerving_road
Zot:3:    gammafunk_sealed_library, layout_misc_corridors
Zot:4:    layout_gridville
Zot:5:    layout_cathedral_of_symmetry, st_stairs_12

Skill      XL: |  1  2  3  4  5  6  7  8  9 10 11 12 13 14 15 16 17 18 19 20 21 22 23 24 25 26 27 |
---------------+----------------------------------------------------------------------------------+-----
Armour         | 4 5 6 7 9 10 12 14 15 19 20 23 | 23.3
Fighting       | 4 5 6 7 9 10 12 14 16 17 18 20 21 23 24 25 26 27 | 27.0
Shields        | 4 5 6 7 9 10 | 10.3
Axes           | 3 4 5 6 7 8 10 12 14 16 17 18 19 21 23 24 25 26 27 | 27.0
Maces & Flails | 2 3 |  3.0
Throwing       | 1 4 7 9 10 11 12 14 15 16 19 21 22 | 22.8
Evocations     | 4 6 8 10 | 10.0
Staves         | 2 8 9 |  9.7
Invocations    | 3 9 12 15 18 19 21 23 24 | 24.0

Action                     |  1- 3 |  4- 6 |  7- 9 | 10-12 | 13-15 | 16-18 | 19-21 | 22-24 | 25-27 || total
---------------------------+-------+-------+-------+-------+-------+-------+-------+-------+-------++-------
  Melee: War axe           |   108 |   114 |   307 |   491 |    28 |       |       |       |       ||  1048
         Headbutt          |    15 |    17 |    55 |   127 |   170 |   217 |   334 |   321 |   399 ||  1655
         Mace              |       |       |     5 |    32 |    19 |   111 |       |       |       ||   167
         Battleaxe         |       |       |       |       |    95 |    13 |       |       |       ||   108
         Executioner's axe |       |       |       |       |   585 |   758 |  1194 |  1128 |  1218 ||  4883
         Staff             |       |       |       |       |    13 |    55 |     7 |       |    11 ||    86
         Punch             |       |       |       |       |       |     5 |     1 |       |       ||     6
         Unarmed           |       |       |       |       |       |     9 |       |       |       ||     9
  Throw: Dart              |       |     4 |       |     3 |     6 |     9 |     5 |       |       ||    27
         Boomerang         |       |       |       |    53 |    47 |    95 |    25 |       |       ||   220
         Javelin           |       |       |       |       |    10 |    44 |    37 |    65 |   152 ||   308
         Throwing net      |       |       |       |       |     1 |     1 |       |       |       ||     2
 Invoke: Heroism           |       |       |     3 |    10 |    10 |     7 |     7 |     8 |    10 ||    55
         Receive Weapon    |       |       |       |       |     1 |       |       |       |       ||     1
         Receive Armour    |       |       |       |       |     1 |       |       |       |       ||     1
         Finesse           |       |       |       |       |       |       |     2 |     2 |     2 ||     6
         Duel              |       |       |       |       |       |       |     5 |     4 |     3 ||    12
Ability: Evoke the Staff o |       |       |       |       |    10 |     7 |     3 |       |       ||    20
         Evoke Invisibilit |       |       |       |       |     1 |       |       |       |       ||     1
  Evoke: Wand              |       |     1 |       |     4 |       |       |     3 |       |     1 ||     9
    Use: Scroll            |       |     9 |     3 |     6 |    14 |    10 |    12 |    11 |    21 ||    86
         Potion            |       |     1 |     1 |     3 |    15 |     7 |     7 |     5 |    10 ||    49
   Stab: Invisible         |       |       |       |       |     3 |       |       |     2 |       ||     5
         Held in net/web   |       |       |       |       |       |     2 |       |       |       ||     2
 Armour: Scale mail        |    74 |    73 |    96 |       |       |       |       |       |       ||   243
         Plate armour      |       |       |   284 |   457 |   112 |       |       |       |       ||   853
         Crystal plate arm |       |       |       |       |  1239 |  1663 |  1287 |  1462 |  1649 ||  7300
         Skin              |       |       |       |       |       |    13 |       |       |       ||    13
  Dodge: Dodged            |    48 |    67 |   159 |   149 |   308 |   298 |   272 |   281 |   351 ||  1933
  Block: Buckler           |    30 |    29 |   153 |   182 |     6 |       |       |       |       ||   400
         Other             |       |       |       |       |       |    44 |   208 |   201 |   301 ||   754
         Reflection        |       |       |       |       |       |     9 |    13 |    12 |     7 ||    41

Table legend: (Time is in decaauts)
 A = Elapsed time spent in this place.
 B = Non-inter-level travel time spent in this place.
 C = Inter-level travel time spent in this place.
 D = Time resting spent in this place.
 E = Time spent auto-exploring this place.
 F = Levels seen in this place.
 G = Mean time per level.
                   A        B        C        D        E       F      G
               +--------+--------+--------+--------+--------+-----+--------+
         Total |  81466 |  73913 |   7553 |  24454 |  36321 |  68 | 1198.0 |
       Dungeon |  16400 |  14723 |   1677 |   1781 |  10411 |  15 | 1093.3 |
        Temple |     77 |      2 |     75 |      0 |      0 |   1 |   77.0 |
          Lair |   9436 |   8446 |    990 |   2782 |   4390 |   5 | 1887.2 |
         Swamp |   4264 |   3926 |    338 |   1583 |   1539 |   4 | 1066.0 |
   Spider Nest |   6902 |   6557 |    345 |   2771 |   2632 |   4 | 1725.5 |
    Slime Pits |   5350 |   4862 |    488 |   1805 |   2080 |   5 | 1070.0 |
  Orcish Mines |   1839 |   1232 |    607 |    256 |    762 |   2 |  919.5 |
   Elven Halls |   6277 |   5839 |    438 |   2132 |   2506 |   3 | 2092.3 |
        Vaults |   9728 |   9074 |    654 |   3054 |   4323 |   5 | 1945.6 |
         Crypt |   3560 |   3299 |    261 |   1959 |    924 |   2 | 1780.0 |
        Depths |   6725 |   5912 |    813 |   1571 |   3157 |   4 | 1681.2 |
           Zot |   9404 |   8540 |    864 |   4022 |   3227 |   5 | 1880.8 |
    Desolation |   1238 |   1238 |      0 |    611 |    367 |   1 | 1238.0 |
         Arena |    261 |    261 |      0 |    122 |      0 |  12 |   21.8 |
               +--------+--------+--------+--------+--------+-----+--------+

Top non-repeatable levels by time:
   Zot:4: 3701 daAuts
   Elf:3: 2798 daAuts
Depths:2: 2580 daAuts
Spider:4: 2554 daAuts
Vaults:1: 2471 daAuts
 Crypt:2: 2189 daAuts
Vaults:2: 2104 daAuts
   Elf:2: 2016 daAuts
  Lair:4: 1997 daAuts
Depths:4: 1977 daAuts
   Zot:1: 1953 daAuts
Spider:1: 1939 daAuts
Vaults:5: 1926 daAuts
  Lair:1: 1902 daAuts
  Lair:3: 1866 daAuts
